 Dungeon Crawl Stone Soup version 0.25.1-8-g42b30a86e7 (webtiles) character file.

Game seed: 11525060784403848372

25 Abzac the Conjurer (level 2, 0/15 HPs)
             Began as a Deep Elf Conjurer on Dec 16, 2020.
             Slain by a hound zombie (1 damage)
             ... on level 2 of the Dungeon.
             The game lasted 00:02:32 (1227 turns).

Abzac the Conjurer (Deep Elf Conjurer)              Turns: 1227, Time: 00:02:33

Health: 0/15       AC:  2    Str:  5    XL:     2   Next: 82%
Magic:  1/8        EV: 13    Int: 19    God:
Gold:   41         SH:  0    Dex: 15    Spells: 6/7 levels left

rFire    . . .     SeeInvis .   (no weapon)
rCold    . . .     Gourm    .   (no shield)
rNeg     . . .     Faith    .   a - +0 robe
rPois    .         Spirit   .   (no helmet)
rElec    .         Reflect  .   (no cloak)
rCorr    .         Harm     .   (no gloves)
MR       .....                  (no boots)
Stlth    ++........             (no amulet)
HPRegen  0.05/turn              (no ring)
MPRegen  0.11/turn              (no ring)

@: no status effects
A: no striking features
a: no special abilities


You were on level 2 of the Dungeon.
You were not hungry.

You visited 1 branch of the dungeon, and saw 2 of its levels.

You collected 41 gold pieces.

Inventory:

Armour
 a - a +0 robe (worn)
 g - a +0 robe
 j - a cursed +0 cloak
Scrolls
 b - a scroll of teleportation {unknown}
 d - 3 scrolls of identify {unknown}
 e - a scroll of immolation {unknown}
 k - 3 scrolls of blinking {unknown}
Potions
 f - a potion of curing {unknown}
 h - a potion of haste {unknown}
Comestibles
 c - a ration
 i - a chunk of flesh


   Skills:
 + Level 3.0 Dodging
 - Level 2.4 Stealth
 + Level 3.4 Spellcasting
 + Level 4.9 Conjurations


You had 6 spell levels left.
You knew the following spells:

 Your Spells              Type           Power        Failure   Level  Hunger
a - Magic Dart            Conj           ###.         1%          1    None

Your spell library contained the following spells:

 Spells                   Type           Power        Failure   Level  Hunger
 Searing Ray              Conj           ###...       3%          2    ##.....
 Dazzling Flash           Conj/Hex       ##....       16%         3    ###....
 Fulminant Prism          Conj/Hex       ##........   47%         4    ####...
 Iskenderun's Mystic Bla  Conj/Tloc      ##......     47%         4    ####...


Dungeon Overview and Level Annotations

Branches:
Dungeon (2/15)

Altars:
Zin


Message History

You see here 13 sling bullets.
The hound zombie barely misses you.
Casting: Magic Dart (safe; 1% risk of failure)
Confirm with . or Enter, or press ? or * to list all spells.
You don't have enough magic to cast that spell.
Unknown command.
The hound zombie misses you. The hound zombie misses you.
Casting: Magic Dart (safe; 1% risk of failure)
Confirm with . or Enter, or press ? or * to list all spells.
Aiming: Magic Dart (safe; 1% risk of failure)
Press: ? - help, Shift-Dir - straight line, f/p - hound zombie
Aim: a hound zombie (severely damaged)
The magic dart hits the hound zombie.
The hound zombie is almost destroyed.
The hound zombie bites you.
* * * LOW HITPOINT WARNING * * *
The hound zombie misses you. The hound zombie bites you.
You die...

.. ...# .. ...# ## ## ..♣...#
#...( .( ♣..♣..# #.#.# #.#
♣♣....####### #.#.###.#
.♣♣.........###.......#
..(...##.......[......#
......#.......##...##.###
#.##..<........Z@l......#
#.....................#.#####.
#####..........#...##.#....)..
#....#.......##..>#...####!
#.#####..÷..###....._......# #
#.....# ###(#....##### #.#.#.#
#.##.#.# #.#..... .........
#.#####.########.#.#


You could see a hound zombie and a frilled lizard (wandering).

Vanquished Creatures
  A dart slug (D:1)
  2 hobgoblins (D:1)
  2 jackals (D:1)
  5 kobolds
  A ball python (D:2)
  A frilled lizard (D:1)
  6 goblins
  4 rats (D:1)
22 creatures vanquished.

Notes
Turn   | Place    | Note
-------+----------+-------------------------------------------
     0 | D:1      | Abzac the Deep Elf Conjurer began the quest for the Orb.
     0 | D:1      | Reached XP level 1. HP: 10/10 MP: 6/6
   407 | D:1      | Reached XP level 2. HP: 15/15 MP: 1/8
  1166 | D:2      | Found a glowing silver altar of Zin.
  1227 | D:2      | Slain by a hound zombie

Illustrated notes

Levels and vault maps discovered:
D:1:      erik_arrival_blinker_ship, layout_basic
D:2:      layout_loops_ring, xom_redecorated, lemuel_crystal_altar,
          overflow_temple_1_default, nicolae_overflow_crystal_walls,
          overflow_temple_1_default, chequers_garden

Skill      XL: |  1  2 |
---------------+-------+-----
Dodging        | 3 |  3.0
Stealth        | |  2.4
Spellcasting   | |  3.4
Conjurations   | |  4.9

Action                   || total
-------------------------++-------
Melee: Unarmed           ||     3
 Cast: Magic Dart        ||    46
  Eat: Chunk             ||     1
Armor: Robe              ||     2
Dodge: Dodged            ||    18
